 Dungeon Crawl Stone Soup version 0.18-a0-1631-ga707108 (webtiles) character file.

102 Geeful the Insei (level 4, 0/30 HPs)
             Began as an Octopode Transmuter on Mar 25, 2016.
             Slain by an orc
             ... wielding a +0 club
              (6 damage)
             ... on level 3 of the Dungeon.
             The game lasted 00:05:53 (2510 turns).

Geeful the Insei (Octopode Transmuter)              Turns: 2510, Time: 00:05:53

Health: 0/30       AC:  2    Str:  9    XL:     4   Next: 77%
Magic:  6/8        EV: 20    Int: 15    God:
Gold:   104        SH:  0    Dex: 18    Spells: 3 memorised, 2 levels left

rFire  . . .     SeeInvis .       - Unarmed
rCold  . . .     Gourm    .     (shield currently unavailable)
rNeg   . . .     Faith    .     (helmet currently unavailable)
rPois  x         Spirit   .     l - amulet of rage
rElec  .         Dismiss  .     (no ring)
rCorr  .         Reflect  .     (no ring)
SustAt .         Harm     .     (no ring)
MR     .....                    (no ring)
Stlth  ++........               (no ring)
                                (no ring)
                                (no ring)
                                (no ring)

@: spider-form (expiring), not resistant to hostile enchantments, unstealthy
A: almost no armour, (amphibious), 8 rings, (constrict 8), (camouflage 0),
robust 1, (gelatinous body 0)
a: End Transformation, Evoke Berserk Rage


You were on level 3 of the Dungeon.
You were not hungry.
You were a venomous arachnid creature.
You visited 1 branch of the dungeon, and saw 3 of its levels.

You collected 104 gold pieces.

Inventory:

Missiles
 a - 66 arrows
 m - 7 tomahawks (quivered)
Jewellery
 k - an uncursed ring of see invisible {unknown}
 l - an amulet of rage (around neck)
Scrolls
 f - a scroll of noise {unknown}
 i - 2 scrolls of remove curse
Potions
 e - a potion of degeneration {unknown}
 h - a potion of haste
 j - a potion of berserk rage {unknown}
 p - a potion of might {unknown}
Books
 b - a book of Changes

   Spells                             Type                      Level
   a - Beastly Appendage              Transmutation                1
   b - Sticks to Snakes               Transmutation                2
   c - Spider Form                    Transmutation/Poison         3
   d - Ice Form                       Ice/Transmutation            4
   e - Blade Hands                    Transmutation                5
Comestibles
 c - 3 bread rations
 d - 2 meat rations
 g - a chunk of flesh


   Skills:
 - Level 1.0 Fighting
 - Level 2.0 Dodging
 * Level 3.7 Unarmed Combat
 + Level 2.9 Spellcasting
 * Level 3.4 Transmutations


You had 2 spell levels left.
You knew the following spells:

 Your Spells              Type           Power        Failure   Level  Hunger
a - Beastly Appendage     Trmt           ##....       17%         1    #......
b - Sticks to Snakes      Trmt           ##......     24%         2    ##.....
c - Spider Form           Trmt/Pois      #.........   56%         3    ###....


Dungeon Overview and Level Annotations

Branches:
Dungeon (3/15)

Altars:
Kikubaaqudgha


Innate Abilities, Weirdness & Mutations

You cannot wear most types of armour.
((You are amphibious.))
You can wear up to eight rings at the same time.
((You can use your tentacles to constrict eight enemies at once.))
((Your skin changes colour to match your surroundings (Stealth).))
((Your rubbery body absorbs attacks (AC +1).))
You are robust (+10% HP).


Message History

You barely miss the orc priest.
The orc priest is moderately wounded.
The orc priest hits you with a mace.
You hit the orc priest but do no damage.
The orc priest is moderately wounded.
The orc priest hits you with a mace.
You hit the orc priest.
The orc priest looks even sicker.
The orc priest is severely wounded.
The orc priest invokes the aid of Beogh against you.
Beogh smites you!
You hit the orc priest.
You kill the orc priest!
You barely miss the orc. The orc hits you with a dagger.
* * * LOW HITPOINT WARNING * * *
You hit the orc.
The orc is poisoned.
The orc is moderately wounded.
You bite the orc!
You kill the orc!
You closely miss the orc. The orc hits you with a club.
You die...

### #.# # #.. . #.# #
#.# # #.# # # #.# #
.##.####.###############
......)s................
.##.##o.............#.##
+..............#.##
#..............#.##
#..............#.##
#..........)...#.##
#..............#.##
###...####+#+###.##
#...# #.##


You could see an orc.

Vanquished Creatures
  An orc priest (D:3)
  2 oozes (D:1)
  2 worms (D:2)
  3 dart slugs (D:1)
  A giant gecko (D:2)
  An orc (D:3)
  5 giant cockroaches
  4 hobgoblins
  3 jackals (D:2)
  A quokka (D:3)
  7 bats
  A giant newt (D:1)
  7 goblins
  5 kobolds
  5 rats
48 creatures vanquished.

Notes
Turn   | Place    | Note
--------------------------------------------------------------
     0 | D:1      | Geeful the Octopode Transmuter began the quest for the Orb.
     0 | D:1      | Reached XP level 1. HP: 13/13 MP: 3/3
   315 | D:1      | Reached XP level 2. HP: 11/18 MP: 5/5
   752 | D:1      | Reached XP level 3. HP: 21/23 MP: 4/6
  1717 | D:2      | Reached XP level 4. HP: 14/28 MP: 7/7
  2253 | D:2      | Gained mutation: You are robust (+10% HP). [potion of mutation]
  2253 | D:2      | Gained mutation: Scrolls take you a little longer to read. [potion of mutation]
  2253 | D:2      | Lost mutation: Scrolls take you a little longer to read. [potion of mutation]
  2297 | D:3      | Found an ancient bone altar of Kikubaaqudgha.
  2434 | D:3      | Learned a level 2 spell: Sticks to Snakes
  2438 | D:3      | Learned a level 3 spell: Spider Form
  2510 | D:3      | Slain by an orc

Vault maps used:
D:1:      minmay_arrival_four_loops, nrook_mini_vaults
D:3:      nicolae_overflow_crystal_walls, old_standard_altar

Skill      XL: |  1  2  3 |
---------------+----------+-----
Transmutations | 3 |  3.4
Fighting       | |  1.0
Dodging        | |  2.0
Unarmed Combat | |  3.7
Spellcasting   | |  2.9

Action                   |  1- 3 |  4- 6 || total
-------------------------+-------+-------++-------
Melee: Unarmed           |    95 |    34 ||   129
Throw: Stone             |     1 |       ||     1
       Tomahawk          |       |     7 ||     7
 Cast: Beastly Appendage |     9 |     5 ||    14
       Spider Form       |       |     1 ||     1
  Use: Scroll            |       |     7 ||     7
       Potion            |       |     2 ||     2
 Stab: Sleeping          |     4 |       ||     4
  Eat: Chunk             |     3 |     2 ||     5
